 Dungeon Crawl Stone Soup version 0.28-a0-245-g639a1a48b9 (webtiles) character file.

Game seed: 18223082518121705137

14081 jisko22 the Thaumaturge (level 12, 0/91 HPs)
             Began as a Gnoll Wanderer on Aug 23, 2021.
             Was a Priest of Sif Muna.
             Slain by Grum (4 damage)
             ... on level 10 of the Dungeon on Aug 24, 2021.
             The game lasted 01:19:05 (19742 turns).

jisko22 the Thaumaturge (Gnoll Wanderer)           Turns: 19742, Time: 01:19:07

Health: 0/91       AC: 12    Str: 14    XL:     12   Next: 12%
Magic:  13/24      EV: 13    Int: 28    God:    Sif Muna [***...]
Gold:   260        SH:  0    Dex: 10    Spells: 1/28 levels left

rFire   . . .      SeeInvis .   H - +1 triple sword (protect)
rCold   . . .      Faith    .   (shield currently unavailable)
rNeg    . . .      Spirit   .   J - +0 troll leather armour
rPois   .          Reflect  .   (no helmet)
rElec   .          Harm     .   (no cloak)
rCorr   .          Rampage  .   (no gloves)
Will    .....                   (no boots)
Stlth   +++.......              y - amulet of the acrobat
HPRegen 1.25/turn               h - +6 ring of intelligence
MPRegen 0.19/turn               A - +6 ring of intelligence

@: under a protective aura
A: fangs 1, strong nose, distributed training
a: Renounce Religion, Channel Magic, Forget Spell


You were on level 10 of the Dungeon.
You worshipped Sif Muna.
Sif Muna was most pleased with you.
You visited 2 branches of the dungeon, and saw 11 of its levels.
You also visited: Ossuary and Bailey.

You collected 447 gold pieces.
You spent 187 gold pieces at shops.

Inventory:

Hand Weapons
 a - a +2 dagger
 o - the +0 falchion of Lonist {venom, *Slow Str+6 Stlth+}
   (You took it off a kobold demonologist on level 7 of the Dungeon)

   It poisons the flesh of those it strikes.
   Str:       It affects your strength (+6).
   *Slow:     It may slow you when you take damage.
   Stlth:     It makes you more stealthy.
 w - a +3 dagger of venom
 D - a +2 whip of freezing
 H - a +1 triple sword of protection (weapon)
Missiles
 e - 295 stones (quivered)
 n - 8 atropa-tipped darts
 C - 2 throwing nets
Armour
 c - a +0 robe
 p - a +0 buckler
 s - a +0 leather armour
 J - a +0 troll leather armour (worn)
Magical Staves
 K - a staff of earth
Jewellery
 h - a +6 ring of intelligence (left hand)
 k - a ring of magical power
 x - a ring of willpower
 y - an amulet of the acrobat (around neck)
 A - a +6 ring of intelligence (right hand)
 F - an amulet of regeneration
 Q - a +4 ring of evasion
Wands
 b - a wand of flame (5)
 j - a wand of polymorph (14)
 G - a wand of iceblast (13)
 L - a wand of charming (10)
Scrolls
 f - 2 scrolls of fog
 i - a scroll of teleportation
 M - a scroll of blinking
 O - a scroll of silence
Potions
 d - 4 potions of might
 g - 4 potions of lignification
 l - 2 potions of flight
 m - a potion of berserk rage
 q - a potion of mutation {unknown}
 r - 2 potions of heal wounds
 t - 2 potions of attraction
 u - 2 potions of cancellation {unknown}
 v - 3 potions of curing
 z - a potion of haste
 B - 3 potions of brilliance
 E - 2 potions of degeneration {unknown}
Miscellaneous
 P - a phial of floods


   Skills:
 + Level 7.0 Fighting
 + Level 7.0 Short Blades
 + Level 7.0 Long Blades
 + Level 7.0 Axes
 + Level 7.0 Maces & Flails
 + Level 7.0 Polearms
 + Level 7.0 Staves
 + Level 7.0 Slings
 + Level 7.0 Bows
 + Level 7.0 Crossbows
 + Level 8.4 Throwing
 + Level 7.0 Armour
 + Level 7.0 Dodging
 + Level 7.0 Stealth
 + Level 7.0 Shields
 + Level 7.0 Unarmed Combat
 + Level 8.7 Spellcasting
 + Level 5.8 Conjurations
 + Level 6.2 Hexes
 + Level 6.2 Summonings
 + Level 5.8 Necromancy
 + Level 5.8 Translocations
 + Level 5.8 Transmutations
 + Level 7.0 Fire Magic
 + Level 5.8 Ice Magic
 + Level 7.0 Air Magic
 + Level 5.8 Earth Magic
 + Level 5.8 Poison Magic
 + Level 7.6 Invocations
 + Level 7.0 Evocations


You had one spell level left.
You knew the following spells:

 Your Spells              Type           Power      Damage    Failure   Level
a - Shock                 Conj/Air       100%       1d9       1%          1
b - Lightning Bolt        Conj/Air       24%        1d39      11%         5
c - Blink                 Tloc           N/A        N/A       1%          2
d - Conjure Flame         Conj/Fire      48%        6-21      1%          3
e - Swiftness             Air            51%        N/A       1%          3
f - Mephitic Cloud        Conj/Pois/Air  47%        N/A       1%          3
g - Summon Mana Viper     Hex/Summ       47%        N/A       12%         5
h - Sting                 Tmut/Pois      100%       1d8       1%          1
s - Summon Lightning Spi  Summ/Air       49%        N/A       3%          4

Your spell library contained the following spells:

 Spells                   Type           Power      Damage    Failure   Level
 Foxfire                  Conj/Fire      100%       2x1d9     1%          1
 Pain                     Necr           100%       1d9       1%          1
 Sandblast                Erth           88%        2d18      1%          1
 Passwall                 Tmut/Erth      36%        N/A       1%          2
 Slow                     Hex            47%        N/A       1%          2
 Static Discharge         Conj/Air       48%        N/A       1%          2
 Confusing Touch          Hex            47%        N/A       1%          3
 Inner Flame              Hex/Fire       49%        N/A       1%          3
 Lesser Beckoning         Tloc           22%        N/A       1%          3
 Portal Projectile        Hex/Tloc       92%        N/A       1%          3
 Vampiric Draining        Necr           22%        2d9       1%          3
 Airstrike                Air            25%        N/A       3%          4
 Sticky Flame             Conj/Fire      48%        2d7       3%          4
 Dispel Undead            Necr           44%        3d17      4%          4
 Silence                  Hex/Air        24%        N/A       10%         5
 Agony                    Necr           44%        N/A       14%         5
 Blade Hands              Tmut           22%        N/A       14%         5
 Excruciating Wounds      Necr           22%        N/A       14%         5
 Lee's Rapid Deconstruct  Erth           22%        3d13*     14%         5
 Manifold Assault         Tloc           44%        N/A       14%         5
 Storm Form               Tmut/Air       24%        N/A       97%         7
 Discord                  Hex            23%        N/A       100%        8


Dungeon Overview and Level Annotations

Branches:
Dungeon (10/15)            Temple (1/1) D:5         Ossuary (visited)
 Bailey (visited)
   Lair: D:8-11         Orc: D:9-12

Altars:
Ashenzari
Cheibriados
Dithmenos
Elyvilon
Fedhas
Gozag
Hepliaklqana
Kikubaaqudgha
Makhleb
Nemelex Xobeh
Okawaru
Qazlal
Ru
Sif Muna
Trog
Uskayaw
Vehumet
Wu Jian
Xom
Yredelemnul
The Shining One

Shops:
D:1 [   D:6 [   D:7 *   D:8 [   D:9 (

Annotations:
D:10 Grum


Innate Abilities, Weirdness & Mutations

You have very sharp teeth.
Your uncanny sense of smell can sniff out nearby items.
Your experience applies equally to all skills.


Message History

Grum is moderately wounded.
You hear a bellow! x2; You hear an angry growl.
The wolf bites your lightning spire!
Your lightning spire shoots out a bolt of lightning at the wolf!
The bolt of electricity hits the wolf!
The wolf dies!
Sif Muna accepts your kill.
Grum drinks a potion.
Grum seems to grow stronger.
You closely miss the troll. Grum barely misses you.
The troll barely misses you.
You riposte.
You closely miss the troll. The troll claws you but does no damage.
The troll completely misses you.
You slash the troll!
Your weapon exudes an aura of protection.
The troll is heavily wounded.
Grum closely misses you. The troll bites you! The troll claws you.
The troll misses you.
Grum hits you from afar with a -1 halberd of flaming!
Grum burns you. The troll bites you! The troll claws you!
The troll barely misses you.
Your lightning spire shoots out a bolt of lightning at Grum!
The bolt of electricity hits Grum! x2
The bolt of electricity hits your lightning spire.
Your lightning spire completely resists.
Grum hits your lightning spire but does no damage.
Grum hits your lightning spire with a -1 halberd of flaming!
Grum hits your lightning spire with a -1 halberd of flaming!
Your lightning spire is destroyed!
Casting: Lightning Bolt (dangerous; 11% risk of failure)
Confirm with . or Enter, or press ? or * to list all spells.
An electric hum fills the air.
Grum growls angrily.
Grum closely misses you. The troll bites you. The troll claws you. x2
You hit the troll.
Your weapon exudes an aura of protection.
The troll is moderately wounded.
Grum glances around and shouts, "Fido!
Here boy!"
Grum hits you from afar with a -1 halberd of flaming!!!
* * * LOW HITPOINT WARNING * * *
Grum burns you.
You die...

.#.....
>..#.. ...
#.....
....#....#
....#....#
#.......#
......$.###
#.†.@#<#
#.g8T#.#
#..).#)#
#....#.#
#......#
#...####
#...# #...#
!....#


You could see Grum (strong, ally target), a troll and a friendly lightning spire
(summoned).

Vanquished Creatures
  A boulder beetle (D:7)
  An anaconda (shapeshifter) (D:7)
  Harold (D:7)
  A two-headed ogre (D:7)
  3 orc knights (Bailey)
  Pikel (D:5)
  2 kobold demonologists
  A komodo dragon (D:10)
  A cane toad (shapeshifter) (D:7)
  Sigmund (D:2)
  7 yaks
  A wraith (D:10)
  A steam dragon (D:8)
  A vampire mosquito (D:7)
  Menkaure (D:5)
  2 water moccasins
  An acid dragon (D:8)
  A nameless horror (D:6)
  Duvessa (D:4)
  7 orc warriors
  2 ice beasts
  2 sky beasts
  2 ogres
  3 centaurs
  A phantom (D:7)
  3 lemures (D:5)
  2 elf zombies (Ossuary)
  7 bullfrogs
  Dowan (D:4)
  2 scorpions
  A killer bee (D:7)
  2 howler monkeys
  2 centaur zombies
  A human zombie (Ossuary)
  3 hounds
  3 jellies
  A gnoll shaman (D:7)
  Ijyb (D:4)
  Jessica (D:3)
  A centaur skeleton (D:7)
  3 iguanas
  4 orc wizards
  2 howler monkey zombies
  2 mummies (Ossuary)
  3 adders
  4 gnolls (D:3)
  3 white imps
  2 ufetubi
  An adder zombie (Ossuary)
  2 worms
  4 dart slugs
  11 orcs
  8 ball pythons
  11 bats
  6 endoplasms
  3 giant cockroaches
  16 goblins
  5 hobgoblins
  4 jackals (D:1)
  9 kobolds
  3 quokkas (D:2)
  9 frilled lizards
  3 goblin zombies (Ossuary)
  8 hobgoblin zombies (Ossuary)
  A jackal zombie (D:7)
  14 kobold zombies
  7 orc zombies (Ossuary)
  A quokka skeleton (D:4)
  5 rats
  A rat zombie (Ossuary)
232 creatures vanquished.

Vanquished Creatures (collateral kills)
  Josephine (D:10)
  A death knight (D:8)
  A two-headed ogre (D:10)
  3 orc knights (Bailey)
  A deep elf pyromancer (D:8)
  A kobold demonologist (D:8)
  A komodo dragon (D:10)
  A troll (D:8)
  Prince Ribbit (D:7)
  A hornet (D:9)
  A shadow (D:9)
  A yak (D:7)
  3 wraiths
  5 orc warriors
  An ice beast (D:7)
  3 necrophages
  An ogre (D:7)
  2 wolves (D:10)
  A centaur (D:7)
  3 bullfrogs (D:7)
  A bullfrog zombie (D:7)
  A jelly (D:7)
  A hound (D:7)
  An orc priest (D:8)
  A killer bee zombie (D:7)
  3 orc wizards
  A gnoll (D:7)
  A white imp (D:7)
  6 orcs
49 creatures vanquished.

Vanquished Creatures (others)
  8 fungi (D:10)
  23 plants
31 creatures vanquished.

Grand Total: 312 creatures vanquished

Notes
Turn   | Place    | Note
-------+----------+-------------------------------------------
     0 | D:1      | jisko22 the Gnoll Wanderer began the quest for the Orb.
     0 | D:1      | jisko22 set off with the following items: a +2 dagger, a
                  | curare-tipped dart, a +0 robe; and the following spells
                  | available to memorise: Shock, Swiftness, Sting, Mephitic
                  | Cloud
     0 | D:1      | Reached XP level 1. HP: 13/13 MP: 6/6
     2 | D:1      | Learned a level 1 spell: Shock
     4 | D:1      | Learned a level 1 spell: Sting
    84 | D:1      | Found Attunon's Antique Armour Emporium.
   427 | D:1      | Reached XP level 2. HP: 17/20 MP: 3/7
   748 | D:1      | Found a faded altar of an unknown god.
  1241 | D:1      | Reached XP level 3. HP: 18/25 MP: 1/9
  1449 | D:1      | Reached skill level 5 in Spellcasting
  1708 | D:1      | Learned a level 3 spell: Mephitic Cloud
  1712 | D:1      | Learned a level 3 spell: Conjure Flame
  1716 | D:1      | Learned a level 3 spell: Swiftness
  2305 | D:2      | Reached skill level 1 in Invocations
  2392 | D:2      | Reached skill level 1 in Fighting
  2392 | D:2      | Reached skill level 1 in Short Blades
  2392 | D:2      | Reached skill level 1 in Long Blades
  2392 | D:2      | Reached skill level 1 in Axes
  2392 | D:2      | Reached skill level 1 in Maces & Flails
  2392 | D:2      | Reached skill level 1 in Polearms
  2392 | D:2      | Reached skill level 1 in Staves
  2392 | D:2      | Reached skill level 1 in Slings
  2392 | D:2      | Reached skill level 1 in Bows
  2392 | D:2      | Reached skill level 1 in Crossbows
  2392 | D:2      | Reached skill level 1 in Armour
  2392 | D:2      | Reached skill level 1 in Dodging
  2392 | D:2      | Reached skill level 1 in Stealth
  2392 | D:2      | Reached skill level 1 in Shields
  2392 | D:2      | Reached skill level 1 in Unarmed Combat
  2392 | D:2      | Reached skill level 1 in Evocations
  3188 | D:2      | Reached XP level 4. HP: 22/32 MP: 9/11
  3925 | D:2      | Noticed Sigmund
  3928 | D:2      | Killed Sigmund
  3929 | D:2      | Reached skill level 1 in Conjurations
  3929 | D:2      | Reached skill level 1 in Necromancy
  3929 | D:2      | Reached skill level 1 in Translocations
  3929 | D:2      | Reached skill level 1 in Transmutations
  3929 | D:2      | Reached skill level 1 in Ice Magic
  3929 | D:2      | Reached skill level 1 in Earth Magic
  3929 | D:2      | Reached skill level 1 in Poison Magic
  3929 | D:2      | Reached XP level 5. HP: 38/38 MP: 10/12
  3929 | D:2      | Reached XP level 6. HP: 44/44 MP: 10/13
  5142 | D:3      | Noticed a sky beast
  5169 | D:3      | Killed a sky beast
  5170 | D:3      | Reached skill level 5 in Throwing
  5388 | D:3      | Noticed Jessica
  5397 | D:3      | Killed Jessica
  5802 | D:3      | Learned a level 2 spell: Blink
  6326 | D:4      | Reached XP level 7. HP: 50/50 MP: 6/15
  7093 | D:4      | Noticed Duvessa
  7093 | D:4      | Noticed Dowan
  7108 | D:4      | Killed Duvessa
  7119 | D:4      | Killed Dowan
  7540 | D:4      | Noticed Ijyb
  7555 | D:4      | Killed Ijyb
  8014 | D:5      | Entered Level 5 of the Dungeon
  8237 | D:5      | Reached XP level 8. HP: 34/57 MP: 7/16
  8868 | D:5      | Noticed Menkaure
  8875 | D:5      | Killed Menkaure
  9177 | D:5      | Noticed Pikel
  9200 | D:5      | Killed Pikel
  9417 | D:5      | Found a staircase to the Ecumenical Temple.
  9539 | Temple   | Entered the Ecumenical Temple
  9629 | Temple   | Became a worshipper of Sif Muna the Loreminder
  9827 | D:6      | Identified a scroll of acquirement
  9827 | D:6      | Acquired the Collected Works on Ensnaring Feathers
  9836 | D:6      | Learned a level 4 spell: Summon Lightning Spire
  9926 | D:6      | Reached skill level 5 in Fire Magic
  9926 | D:6      | Reached skill level 5 in Air Magic
  9926 | D:6      | Reached XP level 9. HP: 55/65 MP: 13/18
 10554 | D:6      | Found Nunonem's Armour Shoppe.
 10667 | D:6      | Found a sacrificial altar of Ru.
 11510 | D:7      | Found Cudgheo's General Store.
 11695 | D:7      | Noticed a two-headed ogre
 11718 | D:7      | Noticed Harold
 11933 | D:7      | Found a sand-covered staircase.
 11941 | Ossuary  | Entered an ossuary
 12106 | Ossuary  | Reached * piety under Sif Muna
 12748 | D:7      | Killed a two-headed ogre
 12749 | D:7      | Reached skill level 5 in Invocations
 13833 | D:7      | Noticed a boulder beetle
 14411 | D:7      | Reached XP level 10. HP: 71/73 MP: 3/20
 14585 | D:7      | Noticed a nameless horror
 14697 | D:8      | Found Zosickowih's Antique Armour Shop.
 14706 | D:8      | Reached skill level 5 in Fighting
 14706 | D:8      | Reached skill level 5 in Short Blades
 14706 | D:8      | Reached skill level 5 in Long Blades
 14706 | D:8      | Reached skill level 5 in Axes
 14706 | D:8      | Reached skill level 5 in Maces & Flails
 14706 | D:8      | Reached skill level 5 in Polearms
 14706 | D:8      | Reached skill level 5 in Staves
 14706 | D:8      | Reached skill level 5 in Slings
 14706 | D:8      | Reached skill level 5 in Bows
 14706 | D:8      | Reached skill level 5 in Crossbows
 14706 | D:8      | Reached skill level 5 in Armour
 14706 | D:8      | Reached skill level 5 in Dodging
 14706 | D:8      | Reached skill level 5 in Stealth
 14706 | D:8      | Reached skill level 5 in Shields
 14706 | D:8      | Reached skill level 5 in Unarmed Combat
 14706 | D:8      | Reached skill level 5 in Evocations
 15070 | D:8      | Noticed a kobold demonologist
 15074 | D:8      | Killed a kobold demonologist
 15082 | D:8      | Noticed a deep elf pyromancer
 15085 | D:8      | Killed a deep elf pyromancer
 15090 | D:8      | Noticed a death knight
 15190 | D:7      | Noticed a water nymph
 15192 | D:7      | Noticed a boulder beetle
 15193 | D:7      | Noticed an anaconda
 15193 | D:7      | a water nymph changed into an anaconda
 15200 | D:7      | Killed an anaconda
 15254 | D:7      | Upgraded the game from 0.28-a0-239-g68911e0c57 to
                  | 0.28-a0-245-g639a1a48b9
 15272 | D:7      | Bought a +0 triple sword for 110 gold pieces
 15334 | D:7      | Killed Harold
 15335 | D:7      | Reached skill level 5 in Hexes
 15335 | D:7      | Reached skill level 5 in Summonings
 15335 | D:7      | Noticed Prince Ribbit
 15421 | D:7      | Reached ** piety under Sif Muna
 15423 | D:7      | Killed Prince Ribbit
 15430 | D:7      | Killed a boulder beetle
 15522 | D:7      | Bought a scroll of teleportation for 33 gold pieces
 15522 | D:7      | Bought a potion of might for 44 gold pieces
 15618 | D:7      | Identified the +0 falchion of Lonist {venom, *Slow Str+6
                  | Stlth+}
 15618 | D:7      | Noticed a kobold demonologist
 15626 | D:7      | Killed a kobold demonologist
 15627 | D:7      | Reached XP level 11. HP: 81/81 MP: 15/22
 15641 | D:7      | Learned a level 5 spell: Summon Mana Viper
 16485 | D:8      | Found a stormy altar of Qazlal.
 16514 | D:8      | Reached skill level 5 in Conjurations
 16514 | D:8      | Reached skill level 5 in Necromancy
 16514 | D:8      | Reached skill level 5 in Translocations
 16514 | D:8      | Reached skill level 5 in Transmutations
 16514 | D:8      | Reached skill level 5 in Ice Magic
 16514 | D:8      | Reached skill level 5 in Earth Magic
 16514 | D:8      | Reached skill level 5 in Poison Magic
 16624 | D:8      | Killed a death knight
 17678 | D:7      | Found an ornate altar of the Wu Jian Council.
 17848 | D:9      | Found Arghuuguh's Weapon Shop.
 17919 | D:9      | Found a bloodstained altar of Trog.
 17919 | D:9      | Found a shimmering altar of Xom.
 17999 | D:9      | Found a flagged portal.
 18006 | Bailey   | Entered a bailey
 18006 | Bailey   | Noticed an orc knight
 18006 | Bailey   | Noticed an orc knight
 18009 | Bailey   | Noticed an orc knight
 18020 | Bailey   | Killed an orc knight
 18020 | Bailey   | Reached *** piety under Sif Muna
 18332 | Bailey   | Killed an orc knight
 18338 | Bailey   | Noticed an orc knight
 18338 | Bailey   | Killed an orc knight
 18342 | Bailey   | Killed an orc knight
 18344 | Bailey   | Noticed an orc knight
 18344 | Bailey   | Noticed an orc knight
 18353 | Bailey   | Killed an orc knight
 18358 | Bailey   | Killed an orc knight
 18967 | D:9      | Found a basalt altar of Yredelemnul.
 19106 | D:10     | Entered Level 10 of the Dungeon
 19300 | D:10     | Noticed a sixfirhy
 19307 | D:10     | Noticed Josephine
 19369 | D:10     | Noticed a two-headed ogre
 19383 | D:10     | Killed a two-headed ogre
 19396 | D:10     | Learned a level 5 spell: Lightning Bolt
 19398 | D:10     | Killed Josephine
 19399 | D:10     | Reached XP level 12. HP: 89/89 MP: 16/24
 19729 | D:10     | Noticed Grum
 19742 | D:10     | HP: 4/91 [Grum (40)]
 19742 | D:10     | Slain by Grum

Illustrated notes

Levels and vault maps discovered:
D:1:      matt_arrival_spirals, layout_basic,
          ebering_ecumenical_altar_petrified, serial_forest,
          infiniplex_forest_clump_small, infiniplex_forest_lined_corner,
          infiniplex_forest_clump_C, infiniplex_forest_lined_3,
          infiniplex_forest_clump_large, infiniplex_forest_fountain,
          serial_shops, nicolae_shop_overgrown_old_shop, minivault_5,
          bh_walls_and_bars
D:2:      layout_basic, minmay_lizard_king, uniq_sigmund
D:3:      kennysheep_the_goblin_king, layout_basic, grunt_decor_junction,
          uniq_jessica
D:4:      layout_basic, grunt_ministairs_9, uniq_duvessa, uniq_ijyb
D:5:      layout_layer_cave, minmay_temple_entry_fiery, grunt_ministairs_13,
          hangedman_decor_points, kennysheep_flooded_box, serial_park_tiny_2,
          uniq_pikel, uniq_menkaure
D:6:      layout_layer_cave, kennysheep_little_box, portal_sewer_entry_e,
          serial_shops, nicolae_shop_trees
D:7:      nzn_winding_woodlands_large [nzn_winding_woodlands_5x5_closed_star,
          nzn_winding_woodlands_5x15_longhouse, nzn_winding_woodlands_5x5_three,
          nzn_winding_woodlands_center_garden,
          nzn_winding_woodlands_15x15_thick_spiral,
          nzn_winding_woodlands_center_triple_pond,
          nzn_winding_woodlands_5x5_cross, nzn_winding_woodlands_5x15_crooked,
          nzn_winding_woodlands_hourglass], layout_basic,
          nzn_wu_jian_council_hall, serial_glass, glass_columns_b,
          glass_columns_b, enter_ossuary_3, serial_shops, nicolae_shop_crystal,
          uniq_harold, uniq_prince_ribbit1
D:8:      minmay_ornate_pinched, layout_loops_ring, lemuel_crystal_altar,
          serial_shops, nicolae_stop_n_shop_2, serial_park_tiny_2
D:9:      layout_rooms, gammafunk_temple_overflow_forgotten, serial_shops, shop,
          enter_bailey_3, hangedman_abyss_or_decor_passed
D:10:     layout_basic, zin_treasury, grunt_lair_entry_orc_guard_hut, uniq_grum,
          uniq_josephine
Temple:   eino_wide_crystal_templ

Skill      XL: |  1  2  3  4  5  6  7  8  9 10 11 12 |
---------------+-------------------------------------+-----
Hexes          | 2 3 4 5 6 |  6.2
Summonings     | 2 3 4 5 6 |  6.2
Spellcasting   | 5 6 7 8 |  8.7
Invocations    | 1 2 3 4 5 6 7 |  7.6
Fighting       | 1 2 3 4 5 6 7 |  7.0
Short Blades   | 1 2 3 4 5 6 7 |  7.0
Long Blades    | 1 2 3 4 5 6 7 |  7.0
Axes           | 1 2 3 4 5 6 7 |  7.0
Maces & Flails | 1 2 3 4 5 6 7 |  7.0
Polearms       | 1 2 3 4 5 6 7 |  7.0
Staves         | 1 2 3 4 5 6 7 |  7.0
Slings         | 1 2 3 4 5 6 7 |  7.0
Bows           | 1 2 3 4 5 6 7 |  7.0
Crossbows      | 1 2 3 4 5 6 7 |  7.0
Armour         | 1 2 3 4 5 6 7 |  7.0
Dodging        | 1 2 3 4 5 6 7 |  7.0
Stealth        | 1 2 3 4 5 6 7 |  7.0
Shields        | 1 2 3 4 5 6 7 |  7.0
Unarmed Combat | 1 2 3 4 5 6 7 |  7.0
Evocations     | 1 2 3 4 5 6 7 |  7.0
Conjurations   | 1 2 3 4 5 |  5.8
Necromancy     | 1 2 3 4 5 |  5.8
Translocations | 1 2 3 4 5 |  5.8
Transmutations | 1 2 3 4 5 |  5.8
Fire Magic     | 4 5 6 7 |  7.0
Ice Magic      | 1 2 3 4 5 |  5.8
Air Magic      | 4 5 6 7 |  7.0
Earth Magic    | 1 2 3 4 5 |  5.8
Poison Magic   | 1 2 3 4 5 |  5.8
Throwing       | 5 6 7 8 |  8.4

Action                   |  1- 3 |  4- 6 |  7- 9 | 10-12 || total
-------------------------+-------+-------+-------+-------++-------
Melee: Dagger            |    21 |    28 |   141 |   184 ||   374
       Bite              |     2 |     2 |    13 |    15 ||    32
       Triple sword      |       |       |       |    52 ||    52
Throw: Dart              |       |       |     2 |       ||     2
       Stone             |       |       |       |     8 ||     8
 Cast: Shock             |    64 |    87 |   161 |   122 ||   434
       Sting             |    11 |     9 |    19 |     2 ||    41
       Conjure Flame     |       |     1 |     4 |       ||     5
       Swiftness         |       |     1 |     1 |     1 ||     3
       Mephitic Cloud    |       |       |    15 |     6 ||    21
       Summon Lightning  |       |       |     6 |    37 ||    43
       Blink             |       |       |     3 |       ||     3
       Summon Mana Viper |       |       |       |     4 ||     4
       Lightning Bolt    |       |       |       |     2 ||     2
Evoke: Wand              |       |     2 |    20 |     9 ||    31
  Use: Scroll            |       |     8 |     5 |    12 ||    25
       Potion            |       |       |     1 |     2 ||     3
 Stab: Confused          |       |       |     4 |       ||     4
       Sleeping          |       |       |     1 |     1 ||     2
       Distracted        |       |       |       |     3 ||     3
Armor: Robe              |    19 |     3 |       |       ||    22
       Leather armour    |       |    13 |    51 |    14 ||    78
       Troll leather arm |       |       |       |    40 ||    40
Dodge: Dodged            |    31 |    42 |   105 |   179 ||   357
Block: Buckler           |       |       |    41 |    38 ||    79
       Rpst.: Triple sword |       |       |       |    12 ||    12

Table legend: (Time is in decaauts)
 A = Elapsed time spent in this place.
 B = Non-inter-level travel time spent in this place.
 C = Inter-level travel time spent in this place.
 D = Time resting spent in this place.
 E = Time spent auto-exploring this place.
 F = Levels seen in this place.
 G = Mean time per level.
                   A        B        C        D        E       F      G
               +--------+--------+--------+--------+--------+-----+--------+
         Total |  19762 |  19098 |    664 |   8481 |   7277 |  13 | 1520.2 |
       Dungeon |  18216 |  17568 |    648 |   7592 |   7073 |  10 | 1821.6 |
        Temple |    105 |     90 |     15 |      0 |     31 |   1 |  105.0 |
       Ossuary |    715 |    715 |      0 |    378 |    135 |   1 |  715.0 |
        Bailey |    724 |    724 |      0 |    511 |     38 |   1 |  724.0 |
               +--------+--------+--------+--------+--------+-----+--------+

Top non-repeatable levels by time:
     D:7: 2899 daAuts
     D:6: 2579 daAuts
     D:2: 2549 daAuts
     D:1: 2017 daAuts
     D:8: 1764 daAuts
     D:3: 1729 daAuts
     D:4: 1712 daAuts
     D:5: 1701 daAuts
     D:9: 834 daAuts
  Bailey: 724 daAuts
 Ossuary: 715 daAuts
    D:10: 429 daAuts
  Temple: 105 daAuts
